 Dungeon Sprint DCSS version 0.29-a0-330-g52719c12eb (webtiles) character file.

Game seed: 11816481125669160149

9258 jt the Imperceptible (level 11, -10/68 HPs)
             Began as a Vine Stalker Brigand on Apr 28, 2022.
             Was a High Priest of Okawaru.
             Mangled by a ghost moth (14 damage)
             ... in the Dungeon (Sprint IV: "Fedhas' Mad Dash").
             The game lasted 00:07:59 (869 turns).

jt the Imperceptible (Vine Stalker Brigand)          Turns: 869, Time: 00:08:00

Health: -10/68     AC:  5    Str: 14    XL:     11   Next: 43%
Magic:  0/12       EV: 13    Int:  7    God:    Okawaru [*****.]
Gold:   130        SH:  0    Dex: 20    Spells: 10/10 levels left

rFire   + . .      SeeInvis .   C - +8 storm bow {elec, penet}
rCold   + . .      Faith    .   (shield currently unavailable)
rNeg    + + .      Spirit   +   x - +2 robe {rC+ rF+}
rPois   .          Reflect  .   (no helmet)
rElec   .          Harm     .   v - +0 cloak of Lies {rN++ Int-4}
rCorr   .          Rampage  .   (no gloves)
Will    +....      NoTele   +   (no boots)
Stlth   ++++++++..              l - amulet of invisibility {+Inv}
HPRegen 1.01/turn               (no ring)
MPRegen 0.13/turn               (no ring)

@: no status effects
A: fangs 3, regeneration 1, magic shield, antimagic bite, no potion heal 2
a: Renounce Religion, Evoke Invisibility, Heroism, Finesse


You were in the Dungeon.
You worshipped Okawaru.
Okawaru was extremely pleased with you.
You visited 1 branch You collected 252 gold pieces.
You spent 122 gold pieces at shops.

Inventory:

Hand Weapons
 a - a +2 dagger
 n - a +0 hunting sling
 o - a +0 rapier of holy wrath
 q - a +2 vorpal battleaxe
 s - a +0 war axe
 t - a +0 quarterstaff
 y - a +0 lajatang
 z - a +1 antimagic lajatang
 B - a +0 antimagic hand axe
 C - the +8 storm bow (weapon) {elec, penet}
   (You took it off a spriggan in the Dungeon)

   Any ammunition fired from it occasionally discharges a powerful burst of
   electricity upon striking a foe.
   Any ammunition fired by it passes through the targets it hits, potentially
   hitting all targets in its path until it reaches maximum range.
 D - a +2 rapier of venom
Missiles
 d - 7 poisoned darts
 e - 9 curare-tipped darts
 j - 83 stones
Armour
 c - a +0 cloak
 v - the +0 cloak of Lies (worn) {rN++ Int-4}
   (Okawaru gifted it to you in the Dungeon)

   Int:       It affects your intelligence (-4).
   rN:        It greatly protects you from negative energy.
 x - a +2 robe of resistance (worn)
Jewellery
 l - the amulet of invisibility (around neck) {+Inv}
   (You found it in the Dungeon)

   [amulet of nothing]

   +Inv:      It lets you turn invisible.
Wands
 p - a wand of digging (5)
Scrolls
 m - a scroll of vulnerability {unknown}
 u - a scroll of enchant weapon {unknown}
 w - a scroll of fear
Potions
 b - a potion of curing
 f - a potion of lignification {unknown}
 g - a potion of haste
 h - 2 potions of magic
 i - a potion of berserk rage
 k - a potion of heal wounds {unknown}
Miscellaneous
 r - a piece from Xom's chessboard (15/15)
 A - a phantom mirror


   Skills:
 + Level 13.1 Fighting
 + Level 13.1 Short Blades
 - Level 6.0 Throwing
 + Level 2.2 Dodging
 + Level 22.5 Stealth
 + Level 4.0 Evocations


You had 10 spell levels left.
You didn't know any spells.
Your spell library contained the following spells:

 Spells                   Type           Power      Damage    Failure   Level
 Summon Ice Beast         Ice/Summ       Unusable   N/A       N/A         4
 Summon Mana Viper        Hex/Summ       Unusable   N/A       N/A         5
 Monstrous Menagerie      Summ           Unusable   N/A       N/A         7

Dungeon Overview and Level Annotations

Branches:
Dungeon (1/1)

Altars:
Cheibriados
Dithmenos
Elyvilon
Gozag
Hepliaklqana
Kikubaaqudgha
Makhleb
Nemelex Xobeh
Okawaru
Qazlal
Ru
Sif Muna
Trog
Uskayaw
Vehumet
Wu Jian
Xom
Yredelemnul
Zin
The Shining One
Beogh
Jiyva
Lugonu

Shops:
D (*[((*[*


Innate Abilities, Weirdness & Mutations

You have razor-sharp teeth.
Your natural rate of healing is unusually fast.
When hurt, damage is shared between your health and your magic reserves.
Your bite disrupts and absorbs the magic of your enemies.
Potions cannot restore your health.


Message History

Okay, then.
Okay, then.
Okay, then.
Shoot: C) +8 storm bow {elec, penet}
Press: ? - help, Q - select action, (/) - cycle Shift-Dir - straight line, f/p - demonic crawler
Aim: a demonic crawler (heavily wounded, catching its breath, 84% to hit)
You shoot an arrow.
The arrow pierces through the demonic crawler!
The demonic crawler is heavily wounded.
You feel you are being watched by something.
You feel your power leaking away.
Shoot: C) +8 storm bow {elec, penet}
Press: ? - help, Q - select action, (/) - cycle Shift-Dir - straight line, p - demonic crawler You shoot an arrow.
The arrow pierces through the demonic crawler!!
The demonic crawler is almost dead.
You feel like a meek peon again. The demonic crawler hits you!
The demonic crawler closely misses you. The demonic crawler hits you!
The demonic crawler closely misses you.
The demonic crawler completely misses you.
The demonic crawler hits you!
You feel you are being watched by something.
Something hits you!
Deactivating autopickup; reactivate with Ctrl-A.
Something hits you. Something stings you.
Shoot: C) +8 storm bow {elec, penet}
Press: ? - help, Q - select action, (/) - cycle Shift-Dir - straight line, f - demonic crawler
Aim: a demonic crawler (almost dead, 82% to hit)
You shoot an arrow.
The arrow pierces through the demonic crawler!
You kill the demonic crawler!
Okawaru accepts your kill.
You feel you are being watched by something.
Something hits you but does no damage. Something hits you!
* * * LOW HITPOINT WARNING * * *
Something stings you!
* * * LOW HITPOINT WARNING * * *
You feel you are being watched by something.
Something hits you!
You die...

#...♣........'...#._._._._._.
#......♣.....#...############
#.....♣..♣..######♣♣♣♣♣..♣)##
##'####'######..'......♣..♣##
#..#....'.......#♣..♣♣♣.♣).##
#..#..###.......#.♣♣..♣...♣'.
#############################
..................# ##
.......@........P.#####.
........[......†P.......
................P...####
######+##############


There were no monsters in sight!

Vanquished Creatures
  Agnes (D)
  A spriggan defender (D)
  A spriggan berserker (D)
  A spriggan druid (D)
  6 oklob plants (D)
  2 demonic crawlers (D)
  3 wandering mushrooms (D)
  3 burning bushes (D)
  A queen bee (D)
  3 hornets (D)
  3 scorpions (D)
  4 killer bees (D)
  5 oklob saplings (D)
  7 spriggans (D)
  A river rat (D)
  A rat (D)
  2 ballistomycete spores (D)
45 creatures vanquished.

Vanquished Creatures (others)
  7 fungi (D)
7 creatures vanquished.

Grand Total: 52 creatures vanquished

Notes
Turn   | Place    | Note
-------+----------+-------------------------------------------
     0 | D        | jt the Vine Stalker Brigand began the quest for the Orb.
     0 | D        | Reached XP level 1. HP: 11/11 MP: 2/2
    22 | D        | Reached skill level 7 in Stealth
    22 | D        | Reached XP level 2. HP: 15/15 MP: 3/3
    67 | D        | Noticed an oklob sapling
    68 | D        | Killed an oklob sapling
    69 | D        | Reached skill level 9 in Stealth
    69 | D        | Reached XP level 3. HP: 18/18 MP: 4/4
    70 | D        | Noticed a scorpion
    70 | D        | Found the amulet of invisibility {+Inv}
    72 | D        | Killed a scorpion
    73 | D        | Reached skill level 12 in Stealth
    73 | D        | Gained mutation: Your natural rate of healing is unusually
                  | fast. [Vine Stalker growth]
    73 | D        | Reached XP level 4. HP: 23/23 MP: 5/5
    97 | D        | Found an opulent altar of Gozag.
    97 | D        | Found a hazy altar of Hepliaklqana.
    97 | D        | Found a snail-covered altar of Cheibriados.
    98 | D        | Found a viscous altar of Jiyva.
    98 | D        | Found a burning altar of Makhleb.
    98 | D        | Found a sparkling altar of Nemelex Xobeh.
    98 | D        | Found a sacrificial altar of Ru.
    98 | D        | Found a shimmering blue altar of Sif Muna.
    98 | D        | Found a bloodstained altar of Trog.
    98 | D        | Found an ornate altar of the Wu Jian Council.
    98 | D        | Found a shimmering altar of Xom.
    98 | D        | Found a basalt altar of Yredelemnul.
    98 | D        | Noticed an oklob sapling priest
    99 | D        | Found an iron altar of Okawaru.
    99 | D        | Found a shadowy altar of Dithmenos.
    99 | D        | Found a glowing silver altar of Zin.
   100 | D        | Found a hide-covered altar of Uskayaw.
   100 | D        | Found an ancient bone altar of Kikubaaqudgha.
   101 | D        | Found a stormy altar of Qazlal.
   101 | D        | Found a glowing golden altar of the Shining One.
   101 | D        | Found a white marble altar of Elyvilon.
   102 | D        | Found a radiant altar of Vehumet.
   102 | D        | Found a corrupted altar of Lugonu.
   105 | D        | Killed an oklob sapling priest
   106 | D        | Reached skill level 13 in Stealth
   106 | D        | Reached XP level 5. HP: 26/26 MP: 3/6
   108 | D        | Became a worshipper of Warmaster Okawaru
   118 | D        | Reached skill level 14 in Stealth
   128 | D        | Reached skill level 15 in Stealth
   129 | D        | Reached XP level 6. HP: 32/32 MP: 7/7
   139 | D        | Found Wyiclism's Assorted Antiques.
   139 | D        | Found Zaniewaso's Antique Weapon Emporium.
   148 | D        | Noticed a burning bush
   148 | D        | Noticed a wandering mushroom
   149 | D        | Noticed a wandering mushroom
   151 | D        | Killed a wandering mushroom
   151 | D        | Reached * piety under Okawaru
   152 | D        | Reached skill level 5 in Fighting
   152 | D        | Reached skill level 5 in Short Blades
   152 | D        | Reached skill level 16 in Stealth
   152 | D        | Reached XP level 7. HP: 27/39 MP: 4/8
   155 | D        | Killed a wandering mushroom
   155 | D        | Reached ** piety under Okawaru
   156 | D        | Reached skill level 17 in Stealth
   156 | D        | Found Jusmoso's Weapon Shoppe.
   157 | D        | Found Taheqiv's General Store.
   192 | D        | Bought a wooden wand for 80 gold pieces
   252 | D        | Noticed a queen bee
   267 | D        | Killed a queen bee
   268 | D        | Gained mutation: You have razor-sharp teeth. [Vine Stalker
                  | growth]
   268 | D        | Reached XP level 8. HP: 46/46 MP: 9/9
   299 | D        | HP: 2/46 [poisoned by a killer bee]
   388 | D        | Noticed an oklob plant
   390 | D        | Killed an oklob plant
   390 | D        | Reached *** piety under Okawaru
   391 | D        | Reached skill level 18 in Stealth
   402 | D        | Noticed a burning bush
   405 | D        | Killed a burning bush
   406 | D        | Reached skill level 5 in Throwing
   406 | D        | Reached XP level 9. HP: 52/52 MP: 10/10
   424 | D        | Noticed a burning bush
   424 | D        | Noticed an oklob plant
   425 | D        | Noticed a wandering mushroom
   426 | D        | Killed a burning bush
   431 | D        | Killed an oklob plant
   431 | D        | Reached **** piety under Okawaru
   432 | D        | Reached skill level 19 in Stealth
   435 | D        | Killed a wandering mushroom
   435 | D        | Received a gift from Okawaru
   453 | D        | Noticed a spriggan druid
   454 | D        | Killed a spriggan druid
   455 | D        | Reached skill level 10 in Fighting
   455 | D        | Reached skill level 10 in Short Blades
   469 | D        | Noticed an oklob plant conjurer
   470 | D        | Killed an oklob plant conjurer
   471 | D        | Reached skill level 20 in Stealth
   471 | D        | Reached XP level 10. HP: 60/60 MP: 11/11
   700 | D        | Noticed an oklob plant
   701 | D        | Noticed an oklob plant shifter
   701 | D        | Noticed an oklob plant summoner
   705 | D        | Killed an oklob plant
   705 | D        | Reached ***** piety under Okawaru
   711 | D        | Killed an oklob plant shifter
   712 | D        | Killed an oklob plant summoner
   721 | D        | Noticed a demonic crawler
   723 | D        | Killed a demonic crawler
   725 | D        | Noticed a spriggan rider
   726 | D        | Found Waimi's Armour Emporium.
   727 | D        | Found Zuenuxkoje's General Store.
   730 | D        | Reached skill level 21 in Stealth
   734 | D        | Killed a spriggan rider
   734 | D        | Identified the +0 cloak of Lies {rN++ Int-4} (Okawaru
                  | gifted it to you in the Dungeon)
   734 | D        | Received a gift from Okawaru
   753 | D        | Bought a scroll of fear for 42 gold pieces
   797 | D        | Noticed Agnes
   799 | D        | Found Rirenih's Antique Armour Emporium.
   799 | D        | Noticed a spriggan berserker
   801 | D        | Found Wog Paukixt's Weapon Shoppe.
   803 | D        | Killed Agnes
   804 | D        | Reached XP level 11. HP: 67/67 MP: 10/12
   808 | D        | Noticed a spriggan defender
   815 | D        | Killed a spriggan defender
   816 | D        | Reached skill level 22 in Stealth
   834 | D        | Killed a spriggan berserker
   838 | D        | Noticed a spriggan rider
   846 | D        | Killed a spriggan rider
   847 | D        | Reached skill level 1 in Dodging
   869 | D        | Mangled by a ghost moth

Illustrated notes

Levels and vault maps discovered:
D:        dungeon_sprint_fedhas [sprint_temple]

Skill      XL: |  1  2  3  4  5  6  7  8  9 10 11 |
---------------+----------------------------------+-----
Stealth        | 7 9 12 13 15 16 17 18 20 21 22 | 22.5
Fighting       | 3 5 7 8 10 12 13 | 13.1
Short Blades   | 3 5 7 8 10 12 13 | 13.1
Throwing       | 2 5 6 |  6.0
Evocations     | 4 |  4.0
Dodging        | 2 |  2.2

Action                   |  1- 3 |  4- 6 |  7- 9 | 10-12 || total
-------------------------+-------+-------+-------+-------++-------
Melee: Dagger            |     9 |     6 |    24 |    37 ||    76
       Bite              |     1 |       |     8 |    17 ||    26
 Fire: Longbow           |       |       |       |     8 ||     8
Throw: Dart              |     4 |       |    11 |     6 ||    21
       Stone             |       |       |       |     2 ||     2
Invok: Heroism           |       |       |     1 |     2 ||     3
 Abil: Evoke Invisibilit |       |     2 |     4 |     1 ||     7
  Use: Scroll            |       |       |     1 |       ||     1
       Potion            |       |       |     1 |       ||     1
 Stab: Sleeping          |     2 |     6 |    11 |    11 ||    30
       Invisible         |       |       |     1 |     1 ||     2
Armor: Robe              |       |       |     2 |     3 ||     5
Dodge: Dodged            |     2 |       |    20 |     7 ||    29

Table legend: (Time is in decaauts)
 A = Elapsed time spent in this place.
 B = Non-inter-level travel time spent in this place.
 C = Inter-level travel time spent in this place.
 D = Time resting spent in this place.
 E = Time spent auto-exploring this place.
 F = Levels seen in this place.
 G = Mean time per level.
                   A        B        C        D        E       F      G
               +--------+--------+--------+--------+--------+-----+--------+
         Total |    838 |    734 |    104 |    118 |      0 |   1 |  838.0 |
       Dungeon |    838 |    734 |    104 |    118 |      0 |   1 |  838.0 |
               +--------+--------+--------+--------+--------+-----+--------+

Top non-repeatable levels by time:
       D: 838 daAuts
